[Event "NJSK 2022 Jeugd A"]
[Site "Almelo, Netherlands"]
[Date "2022.05.01"]
[Round "1.1"]
[White "Van Dam, Thijs"]
[Black "Roebers, Eline"]
[Result "0-1"]
[TimeControl "90min/40moves + 30min + 30sec/move"]
[WhiteElo "1903"]
[BlackElo "2369"]

1. d4 f5 2. Bg5 h6 3. Bh4 g5 4. Bg3 Nf6 5. e3 Bg7 6. Bc4 e6 7. Be5 d6 8. Bxf6 Qxf6 9. Qh5+ Kf8 10.
Nc3 Bd7 11. Qe2 d5 12. Bb3 c5 13. dxc5 Na6 14. Ba4 Qe7 15. Qd2 Bc6 16. Bxc6 bxc6 17. Na4 Rb8 18. c3 Nxc5 19. Nxc5 Qxc5 20.
Ne2 Qb6 21. Rb1 Kf7 22. O-O Rhf8 23. Nd4 c5 24. Ne2 Kg8 25. Rfd1 a5 26. Qc2 Qa6 27. b3 Rbd8 28. Rd2 Rf7 29.
Rbd1 Rfd7 30. c4 d4 31. Nc3 Rf7 32. exd4 cxd4 33. Nb5 e5 34. Nc3 e4 35. Nd5 d3 36. Qc1 Qd6 37. Re1 Be5 38.
g3 Bd4 39. Qd1 Qc5 40. Qh5 Kg7 41. h4 Rxd5 42. cxd5 g4 43. Rb1 Bc3 44. Rdd1 d2 45. Rf1 Qxd5 46. b4 axb4 47. a3 b3 48.
Rfd1 e3 49. fxe3 Qf3 50. Kh2 Qf2+ 51. Kh1 Qxg3 52. a4 Qh3+ 53. Kg1 Qxe3+ 0-1

[Event "NJSK 2022 Jeugd A"]
[Site "Almelo, Netherlands"]
[Date "2022.05.01"]
[Round "1.2"]
[White "Elgersma, Onno"]
[Black "Van Kuijk, Vadim"]
[Result "1-0"]
[TimeControl "90min/40moves + 30min + 30sec/move"]
[WhiteElo "2303"]
[BlackElo "1898"]

1. e4 c6 2. c4 d5 3. exd5 cxd5 4. cxd5 Nf6 5. Nc3 g6 6. Bb5+ Nbd7 7. Qb3 Bg7 8. a4 O-O 9. d3 Nb6 10.
Bc4 Re8 11. Nge2 e6 12. d6 Qxd6 13. Bf4 Qe7 14. O-O Bd7 15. a5 Nxc4 16. dxc4 e5 17. Bg5 Bc6 18. Rfd1 Qe6 19. Nd5 Rac8 20.
Bxf6 Bxf6 21. Qe3 Bg7 22. Qxa7 Qg4 23. Qe3 Bxd5 24. cxd5 Rc2 25. Nd4 Rxb2 26. a6 bxa6 27. Nc6 Re2 28.
Qf3 Qxf3 29. gxf3 e4 30. Rab1 exf3 31. d6 Bf6 32. d7 R8e4 33. h3 Rh4 34. Rd6 Bg5 35. Nd4 Rd2 36. d8=Q+ Bxd8 37.
Rxd8+ Kg7 38. Nf5+ 1-0

[Event "NJSK 2022 Jeugd A"]
[Site "Almelo, Netherlands"]
[Date "2022.05.01"]
[Round "1.3"]
[White "Bakker, Tycho"]
[Black "Pham, Khoi"]
[Result "0-1"]
[TimeControl "90min/40moves + 30min + 30sec/move"]
[WhiteElo "1857"]
[BlackElo "2291"]

1. d4 d5 2. c4 c6 3. Nf3 Nf6 4. Nc3 e6 5. e3 Nbd7 6. Be2 Bd6 7. O-O O-O 8. b3 b6 9. Bb2 Bb7 10.
Bd3 Re8 11. e4 dxe4 12. Nxe4 Nxe4 13. Bxe4 Nf6 14. Bc2 c5 15. dxc5 Bxc5 16. Qe2 Nd7 17. Rad1 Qe7 18. Rxd7 Qxd7 19.
Bxh7+ Kxh7 20. Ng5+ Kg8 21. Qh5 e5 22. Qh7+ Kf8 23. Qh8+ Ke7 24. Qxg7 Qf5 25. Bxe5 Kd7 26. Nxf7 Rg8 27.
Rd1+ Ke6 28. Ng5+ Qxg5 29. Qd7+ Kxe5 30. Re1+ Be4 31. Qd5+ Kf6 32. Qxe4 Rae8 33. Qc6+ Kf7 34. Rd1 Bxf2+ 35. Kh1 Re1+ 36. Rxe1 Bxe1 37. Qd5+ Qxd5 0-1

[Event "NJSK 2022 Jeugd A"]
[Site "Almelo, Netherlands"]
[Date "2022.05.01"]
[Round "1.4"]
[White "Van Foreest, Machteld"]
[Black "Hubers, Daan"]
[Result "1-0"]
[TimeControl "90min/40moves + 30min + 30sec/move"]
[WhiteElo "2287"]
[BlackElo "1818"]

1. e4 e6 2. d4 d5 3. Nd2 c5 4. exd5 exd5 5. Ngf3 Nc6 6. Bb5 a6 7. Bxc6+ bxc6 8. O-O cxd4 9. Nxd4 c5 10.
Re1+ Be7 11. Nc6 Qc7 12. Nxe7 Nxe7 13. Qe2 Be6 14. Nf3 h6 15. b4 cxb4 16. Nd4 Qb6 17. Bb2 O-O 18. Nxe6 fxe6 19.
Qxe6+ Qxe6 20. Rxe6 Kf7 21. Rae1 Ng6 22. g3 Rfc8 23. Rb6 Ra7 24. h4 Rxc2 25. h5 Ne7 26. Rxb4 Nc6 27. Rf4+ Kg8 28.
Re8+ Kh7 29. Rff8 1-0

[Event "NJSK 2022 Jeugd A"]
[Site "Almelo, Netherlands"]
[Date "2022.05.01"]
[Round "1.5"]
[White "Boeren, Jurriaan"]
[Black "Albers, Sasa"]
[Result "0-1"]
[TimeControl "90min/40moves + 30min + 30sec/move"]
[WhiteElo "1778"]
[BlackElo "2117"]

1. e4 d5 2. exd5 Qxd5 3. Nc3 Qd6 4. d4 Nf6 5. Bg5 c6 6. Qd2 Bf5 7. Bf4 Qd8 8. Nf3 e6 9. Bd3 Bxd3 10.
Qxd3 Nbd7 11. O-O Be7 12. h3 O-O 13. Rad1 Re8 14. Rfe1 a5 15. Bg3 Qb6 16. b3 Qa6 17. Qxa6 Rxa6 18.
Ne5 Nb6 19. Ne4 Nxe4 20. Rxe4 Nd5 21. Rd3 Nb4 22. Rf3 Rf8 23. Nd7 Rd8 24. Ne5 f5 25. Re2 Rxd4 26. c3 Rd1+ 27. Kh2 Nd5 28.
Nd7 f4 29. c4 fxg3+ 30. Kxg3 Nf6 31. Nxf6+ Bxf6 32. Rxe6 Ra8 33. Kf4 Kf7 34. Rfe3 Rd2 0-1

[Event "NJSK 2022 Jeugd A"]
[Site "Almelo, Netherlands"]
[Date "2022.05.01"]
[Round "1.6"]
[White "Maters, Arthur"]
[Black "Visser, Berend"]
[Result "1-0"]
[TimeControl "90min/40moves + 30min + 30sec/move"]
[WhiteElo "2048"]
[BlackElo "1763"]

1. e4 c5 2. Nf3 Nc6 3. Bb5 g6 4. O-O Bg7 5. Re1 e5 6. Bxc6 dxc6 7. h3 b6 8. d3 Qe7 9. a4 a5 10.
Be3 Nf6 11. Qd2 h6 12. Na3 Ba6 13. Qc3 Nd7 14. Nc4 Bxc4 15. Qxc4 Nf8 16. d4 exd4 17. Bxd4 Bxd4 18. Nxd4 Qc7 19.
Nf5 gxf5 20. exf5+ Kd8 21. Qc3 Rg8 22. Qf6+ Kc8 23. Rad1 Nd7 24. Qxf7 Rd8 25. Re7 b5 26. Qe6 bxa4 27.
Rd6 Ra6 28. f6 Rb6 29. f7 Rxb2 30. Rexd7 Rxd7 31. f8=Q+ Kb7 32. Qxd7 1-0

[Event "NJSK 2022 Jeugd A"]
[Site "Almelo, Netherlands"]
[Date "2022.05.01"]
[Round "1.7"]
[White "Verheul, Job"]
[Black "Klaren, Duncan"]
[Result "0-1"]
[TimeControl "90min/40moves + 30min + 30sec/move"]
[WhiteElo "1707"]
[BlackElo "1916"]

1. e4 c5 2. Nf3 d6 3. Bb5+ Nd7 4.
d4 cxd4 5. Qxd4 a6 6. Bxd7+ Bxd7 7. c4 Nf6 8. Bg5 e6 9. Nc3 Be7 10. O-O O-O 11. Rfd1 Bc6 12. Rac1 h6 13. Bh4 Rc8 14.
a4 Qa5 15. b3 Rfd8 16. Qe3 Qh5 17. Bg3 Qg6 18. Nd5 exd5 19. exd5 Bxd5 20. cxd5 Rxc1 21. Qxc1 Ne4 22. Qc7 Bf6 23.
Qxb7 Nc3 24. Re1 Qd3 25. Qc6 Qxd5 26. Qxd5 Nxd5 27. Rd1 Nc3 28. Rd2 Ne4 29. Re2 d5 30. Be5 Be7 31. g3 f6 32.
Bd4 Kf7 33. Rc2 Rb8 34. Rb2 Rb4 35. Kf1 g5 36. g4 Bc5 37. Bxc5 Nxc5 38. Rd2 Ke6 39. Nd4+ Kd6 40. Nf5+ Ke5 41.
Ne7 Nxb3 42. Nc6+ Kd6 43. Nxb4 Nxd2+ 44. Ke2 a5 45. Nc2 Ne4 46. Nd4 Nc3+ 47. Kd2 Nxa4 48. Nf5+ Kc5 49. Nxh6 Kc4 50.
Ng8 Nc5 51. f4 Ne4+ 52. Kc1 gxf4 53. h4 f3 54. Kd1 Kd3 0-1

[Event "NJSK 2022 Jeugd A"]
[Site "Almelo, Netherlands"]
[Date "2022.05.02"]
[Round "2.1"]
[White "Roebers, Eline"]
[Black "Maters, Arthur"]
[Result "1/2-1/2"]
[TimeControl "90min/40moves + 30min + 30sec/move"]
[WhiteElo "2369"]
[BlackElo "2048"]

1. e4 c5 2. Nf3 d6 3. d4 cxd4 4. Nxd4 Nf6 5. Nc3 a6 6. Bg5 e6 7. f4 Be7 8. Qf3 Qc7 9. O-O-O Nbd7 10.
g4 b5 11. Bxf6 Nxf6 12. g5 Nd7 13. f5 O-O 14. fxe6 fxe6 15. Nxe6 Rxf3 16. Nxc7 Ra7 17. Ne8 Ne5 18. Nxd6 Bg4 19.
h3 Rxc3 20. hxg4 Rc6 21. Nf5 Bxg5+ 22. Kb1 Nxg4 23. Rg1 Ne3 24. Rd3 Nxf5 25. exf5 Bf6 26. Rh1 Rac7 27. c3 Rc5 28. Rf3 Re7 29.
Bd3 h6 30. Rf4 Kf8 31. a4 bxa4 32. Rxa4 a5 33. Kc2 Re3 34. Re4 Rxe4 35. Bxe4 Ke7 1/2-1/2

[Event "NJSK 2022 Jeugd A"]
[Site "Almelo, Netherlands"]
[Date "2022.05.02"]
[Round "2.2"]
[White "Albers, Sasa"]
[Black "Elgersma, Onno"]
[Result "1/2-1/2"]
[TimeControl "90min/40moves + 30min + 30sec/move"]
[WhiteElo "2117"]
[BlackElo "2303"]

1. e4 c6 2. Nf3 d5 3. Nc3 dxe4 4. Nxe4 Nf6 5. Qe2 Na6 6. Nxf6+ gxf6 7. g3 Qd5 8. Bg2 Nb4 9. d3 Bg4 10.
Kd1 e5 11. h3 Bh5 12. g4 Bg6 13. Nh4 Qe6 14. f4 exf4 15. Re1 Qxe2+ 16. Rxe2+ Kd7 17. Bxf4 Nd5 18. Bxd5 cxd5 19. Kd2 h5 20.
g5 Bg7 21. Rg1 Rhg8 22. Reg2 f5 23. c3 Rge8 24. Re1 Rxe1 25. Kxe1 Re8+ 26. Re2 Re6 27. Rxe6 Kxe6 28. Ke2 a6 29.
Be3 Be5 30. Ng2 b5 31. Nf4+ Bxf4 32. Bxf4 h4 33. Ke3 Bh5 34. Bh2 Bg6 35. Bf4 Bh5 36. Bc7 Bg6 37. Bd8 f4+ 38. Kxf4 Bf5 39.
g6 fxg6 40. Bxh4 Bxd3 41. Bf2 1/2-1/2

[Event "NJSK 2022 Jeugd A"]
[Site "Almelo, Netherlands"]
[Date "2022.05.02"]
[Round "2.3"]
[White "Pham, Khoi"]
[Black "Hooijmans, Max"]
[Result "1-0"]
[TimeControl "90min/40moves + 30min + 30sec/move"]
[WhiteElo "2291"]
[BlackElo "1420"]

1. e4 e5 2. Nf3 Nc6 3. Bb5 Bc5 4.
c3 d6 5.
d4 exd4 6. cxd4 Bb4+ 7. Kf1 a6 8. Bxc6+ bxc6 9. Qa4 Rb8 10. a3 Bd7 11. axb4 c5 12. Qc2 Rxb4 13. Bd2 Rc4 14. Bc3 cxd4 15.
Nxd4 Nf6 16. Nd2 Rc5 17. Rxa6 O-O 18. Ra5 Re8 19. f3 Nh5 20. Rxc5 dxc5 21. Ne2 Bb5 22. Kf2 Bd3 23. Qd1 f5 24.
e5 Re6 25. g3 g5 26. Nc4 g4 27. Nc1 Nf4 28. Nxd3 Nxd3+ 29. Ke2 gxf3+ 30. Ke3 f4+ 31. gxf4 f2 32. Qxd3 Qh4 33. Qf5 Rg6 34.
e6 Kf8 35. Ke4+ 1-0

[Event "NJSK 2022 Jeugd A"]
[Site "Almelo, Netherlands"]
[Date "2022.05.02"]
[Round "2.4"]
[White "Klaren, Duncan"]
[Black "Van Foreest, Machteld"]
[Result "0-1"]
[TimeControl "90min/40moves + 30min + 30sec/move"]
[WhiteElo "1916"]
[BlackElo "2287"]

1. d4 d5 2. Nf3 Nf6 3. g3 e6 4. Bg2 Be7 5. O-O O-O 6. c4 c6 7. Qc2 b6 8. Nbd2 Bb7 9. e4 c5 10.
Rd1 dxe4 11. Ng5 Nc6 12. dxc5 Nd4 13. Qb1 Bxc5 14. Ngxe4 Ne2+ 15. Kh1 Nxe4 16. Bxe4 Bxe4+ 17. Qxe4 Nxc1 18.
Raxc1 Qf6 19. Nf3 Rad8 20. Qe2 h6 21. Kg2 Qf5 22. a3 a5 23. Ne5 Rd4 24. Nc6 Rxd1 25. Rxd1 Rc8 26. Nd4 Qf6 27.
Nb3 Be7 28. Nd4 Bc5 29. Nb3 Bf8 30. Rc1 a4 31. Na1 b5 32. Rc3 Rxc4 33. Rxc4 bxc4 34. Qc2 Bxa3 35. bxa3 Qxa1 36. Qxa4 c3 37.
Qa8+ Kh7 38. Qe4+ g6 39. Qf4 c2 40. Qxf7+ Qg7 41. Qf4 Qd7 42. f3 Kg7 43. Qe5+ Kg8 44. Qb8+ Kf7 45. Qf4+ Ke7 46.
Qb4+ Qd6 47. Qb7+ Kd8 48. Qa8+ Kd7 49. Qa7+ Qc7 50. Qd4+ Kc8 51. Qh8+ Kb7 52. Qb2+ Ka6 53. Qc1 Qc3 54.
Kf2 Ka5 55. Ke2 Ka4 56. f4 Kb3 57.
g4 Qc4+ 58. Ke3 g5 59. fxg5 hxg5 0-1

[Event "NJSK 2022 Jeugd A"]
[Site "Almelo, Netherlands"]
[Date "2022.05.02"]
[Round "2.5"]
[White "Hubers, Daan"]
[Black "Van Dam, Thijs"]
[Result "0-1"]
[TimeControl "90min/40moves + 30min + 30sec/move"]
[WhiteElo "1818"]
[BlackElo "1903"]

1. d4 Nf6 2. Nf3 d5 3. c3 c5 4. dxc5 e6 5. b4 a5 6. Be3 b6 7. cxb6 axb4 8. Qb3 Nc6 9. Nd4 Nxd4 10.
Bxd4 Nd7 11. cxb4 Bb7 12. e3 e5 13. Bc5 Nxc5 14. bxc5 Bc6 15. Nd2 Ra5 16. Qc3 Rxc5 17. Qxe5+ Be7 18.
Rb1 O-O 19. Bd3 Re8 20. Qg3 d4 21. e4 Rc3 22. O-O Bd6 23. Qh3 Re6 24. f4 Bb8 25. b7 Qc7 26. e5 Kf8 27. Qxh7 Rh6 28.
Qf5 Bxb7 29. Be4 Bc8 30. Qg5 Ba7 31. Rb3 Rc1 32. Rb1 Rc3 33. Bf5 Bc5 34. Bxc8 Qxc8 35. Ne4 Be7 36. Qxh6 gxh6 37.
Nxc3 Qxc3 38. Rb3 Qc2 39. Rff3 Bc5 40. h3 d3+ 41. Kh2 d2 42. Rfd3 d1=Q 43. Rb8+ Kg7 44. Rg3+ Kh7 45. Rgg8 Qg1+ 46.
Kg3 Qcxg2+ 47. Kh4 Q1f2+ 48. Kh5 Qxh3# 0-1

[Event "NJSK 2022 Jeugd A"]
[Site "Almelo, Netherlands"]
[Date "2022.05.02"]
[Round "2.6"]
[White "Van Kuijk, Vadim"]
[Black "Boeren, Jurriaan"]
[Result "1-0"]
[TimeControl "90min/40moves + 30min + 30sec/move"]
[WhiteElo "1898"]
[BlackElo "1778"]

1. e4 e5 2. Nf3 Nc6 3. Bb5 a6 4. Ba4 Nf6 5. O-O Be7 6. Re1 b5 7. Bb3 d6 8. c3 O-O 9. h3 Nb8 10.
d4 Nbd7 11. Nbd2 Bb7 12. Bc2 Re8 13. Nf1 Bf8 14. Ng3 g6 15. a4 c5 16. d5 c4 17. Bg5 Nc5 18. Qd2 Be7 19. Bh6 Nfd7 20.
h4 Nb6 21. a5 Nbd7 22. h5 Bc8 23. hxg6 fxg6 24. Nh2 Nf6 25. f4 exf4 26. Qxf4 Bf8 27. Bg5 Be7 28. Bh6 Bf8 29. Rf1 Bxh6 30.
Qxh6 Ra7 31. Rf4 Rf7 32. Raf1 Ref8 33. Qg5 Kh8 34. e5 dxe5 35. Qxe5 Kg8 36. d6 Nfd7 37. Qd5 Bb7 38. Qxf7+ Rxf7 39.
Rxf7 Qg5 40. Be4 Bxe4 41. Rxd7 Bxg2 42. Kxg2 Nxd7 43. Rd1 h5 44. Nf3 Qf4 45. Rd4 Qc1 46. Re4 Qxb2+ 47. Re2 Qxc3 48.
Re8+ Kf7 49. Re7+ Kf8 50. Rxd7 Qb2+ 51. Kh3 Qf6 52. Ra7 Qxd6 53. Ng5 b4 54. N3e4 Qd3+ 55. Kh4 Qf1 56. Ne6+ Kg8 57.
Ra8+ Kf7 58. Rf8+ Kxe6 59. Rxf1 Kd5 60. Rc1 b3 61. Nd2 b2 62. Rc2 Kd4 63. Nb1 Kd5 1-0

[Event "NJSK 2022 Jeugd A"]
[Site "Almelo, Netherlands"]
[Date "2022.05.02"]
[Round "2.7"]
[White "Visser, Berend"]
[Black "Bakker, Tycho"]
[Result "0-1"]
[TimeControl "90min/40moves + 30min + 30sec/move"]
[WhiteElo "1763"]
[BlackElo "1857"]

1. d4 Nf6 2. c4 e6 3. Nc3 Bb4 4. Bg5 h6 5. Bh4 c5 6. Qb3 Nc6 7. dxc5 Nd4 8. Qd1 Nf5 9. Bg3 Nxg3 10. hxg3 Ne4 11. Qc2 Qf6 12.
Qxe4 Bxc3+ 13. Kd1 Bxb2 14. Rb1 Qd4+ 15. Qxd4 Bxd4 16. e3 Bxc5 17. Nf3 b6 18. Be2 Bb7 19. Ke1 Ke7 20. Rd1 Rac8 21.
Kf1 Rc7 22. Ne5 Rhc8 23. Nd3 Ba6 24. Ne5 d6 25. Nf3 Bb4 26. Nd2 Bxd2 27. Rxd2 Bxc4 28. Bxc4 Rxc4 29. Rh4 d5 30. Ke2 Rxh4 31.
gxh4 Rc4 32. g3 Kd6 33. Kd3 Kc5 34. Rb2 b5 35. Rb3 a5 36. Rb2 b4 37. a4 Rc3+ 38. Kd2 Kc4 39. Ra2 b3 40.
Ra3 Rc2+ 41. Kd1 Ra2 0-1

[Event "NJSK 2022 Jeugd A"]
[Site "Almelo, Netherlands"]
[Date "2022.05.03"]
[Round "3.1"]
[White "Van Foreest, Machteld"]
[Black "Pham, Khoi"]
[Result "1-0"]
[TimeControl "90min/40moves + 30min + 30sec/move"]
[WhiteElo "2287"]
[BlackElo "2291"]

1. e4 c5 2. Nf3 Nc6 3. c3 Nf6 4. e5 Nd5 5. Bc4 Nb6 6. Bb3 c4 7. Bc2 d6 8. Qe2 Bg4 9. exd6 Qxd6 10. a4 e5 11. Na3 Qc5 12. O-O Be7 13.
d3 cxd3 14. Bxd3 O-O 15. Rd1 Nd5 16. b4 Qxc3 17. Bd2 Bxf3 18. Qxf3 Nd4 19. Qh3 1-0

[Event "NJSK 2022 Jeugd A"]
[Site "Almelo, Netherlands"]
[Date "2022.05.03"]
[Round "3.2"]
[White "Elgersma, Onno"]
[Black "Roebers, Eline"]
[Result "0-1"]
[TimeControl "90min/40moves + 30min + 30sec/move"]
[WhiteElo "2303"]
[BlackElo "2369"]

1. e4 c5 2. Nf3 d6 3. Bb5+ Nd7 4. a4 Ngf6 5. Nc3 g6 6. a5 a6 7. Be2 Bg7 8. O-O O-O 9. d3 b5 10.
axb6 Nxb6 11. h3 a5 12. Qd2 h6 13. Qe1 e5 14. Bd1 Nh7 15. Na4 Nxa4 16. Rxa4 Bd7 17. Ra3 f5 18. exf5 gxf5 19.
Nd2 Ng5 20. h4 Ne6 21. Nc4 f4 22. Bf3 Rb8 23. Bd5 Kh8 24. Rxa5 f3 25. g3 Nd4 26. Kh2 Nxc2 27. Qd1 Nb4 28.
Bxf3 d5 29. Rxc5 dxc4 30. dxc4 Bf5 31. Qxd8 Rbxd8 32. Be2 Nd3 33. Rd5 Rxd5 34. cxd5 Rd8 35. Be3 Rxd5 36. g4 Bg6 37. g5 h5 38.
Ra1 Rd8 39. Ra6 Kh7 40. Bxd3 Bxd3 41. Rb6 Ra8 42. b4 Ra1 43. Rd6 Bf5 44. b5 Ra4 45. b6 Rxh4+ 46. Kg3 Rb4 47. Rc6 h4+ 48.
Kh2 Be4 49. Rd6 Bf8 50. Rf6 Kg7 51. f3 Rb3 52. fxe4 Rxe3 53. Rc6 Rxe4 54. b7 Rb4 55. Rc7+ Kg6 56. Rc8 Bd6 57. Rc6 Rxb7 58.
Rxd6+ Kxg5 59. Rd8 Rb2+ 60. Kh3 Rb3+ 61. Kg2 h3+ 62. Kf2 Kf4 63. Rf8+ Ke4 64. Rh8 Rf3+ 65. Ke2 Ra3 66. Rh4+ Kf5 67.
Rh8 Kf4 68. Rf8+ Ke4 69. Kf2 h2 70.
Rh8 Ra1 71. Rh4+ Kd3 72. Rh3+ Kd4 73. Rh4+ e4 0-1

[Event "NJSK 2022 Jeugd A"]
[Site "Almelo, Netherlands"]
[Date "2022.05.03"]
[Round "3.3"]
[White "Maters, Arthur"]
[Black "Albers, Sasa"]
[Result "0-1"]
[TimeControl "90min/40moves + 30min + 30sec/move"]
[WhiteElo "2048"]
[BlackElo "2117"]

1. e4 c6 2. Nf3 d5 3. Nc3 dxe4 4.
Nxe4 Nf6 5. Qe2 Nxe4 6. Qxe4 Nd7 7. Bc4 Nf6 8. Ne5 e6 9. Qe2 b5 10. Bd3 Qc7 11. a4 Bd6 12. Nxc6 b4 13.
Nd4 a6 14. Nf5 Bb7 15. Nxd6+ Qxd6 16. O-O h5 17. Qe3 b3 18. c3 O-O-O 19. Be2 Nd5 20. Qg3 Qd7 21. Qh4 g5 22. Qc4+ Kb8 23.
Qxb3 Qc6 24. Bf3 g4 25. Be4 f5 26. Bxd5 Rxd5 27. f3 Rd3 28. Qc2 Rhd8 29. Rf2 h4 30. b4 g3 31. Rf1 gxh2+ 32. Kxh2 h3 33. g3 Rxf3 34. Qd1 Rdd3 35. Rxf3 Rxf3 36. Kxh3 Qe8 37. Kg2 Qh5 0-1

[Event "NJSK 2022 Jeugd A"]
[Site "Almelo, Netherlands"]
[Date "2022.05.03"]
[Round "3.4"]
[White "Bakker, Tycho"]
[Black "Klaren, Duncan"]
[Result "0-1"]
[TimeControl "90min/40moves + 30min + 30sec/move"]
[WhiteElo "1857"]
[BlackElo "1916"]

1. Nf3 Nf6 2. g3 b6 3. Bg2 Bb7 4. d4 e6 5. O-O Be7 6. c4 O-O 7. Nc3 Ne4 8. Re1 Qc8 9. Qc2 Nxc3 10. Qxc3 d6 11. e4 Nd7 12. Rb1 a5 13.
b3 d5 14. Nd2 dxe4 15. Bxe4 Bxe4 16. Rxe4 Nf6 17. Re2 Rd8 18. Bb2 Qb7 19. Qc2 Rd7 20. Ne4 Nxe4 21. Rxe4 Bf6 22. Rbe1 Rdd8 23.
a3 c6 24. h4 Qd7 25. Rd1 b5 26. Re3 a4 27. b4 Rab8 28. Red3 Rbc8 29. R3d2 Qe7 30. Qe4 bxc4 31. Rc2 Qb7 32.
Rxc4 Qb5 33. Rc5 Qa6 34. Rdc1 Rd5 35. Qc2 Rcd8 36. Rxc6 Qb5 37. Rc5 Qd7 38. Rc7 Qb5 39. Qc4 Qb6 40.
Rc6 Qa7 41. Qa6 Bxd4 42. Bxd4 Qxd4 43. Qxa4 g5 44. R6c4 Qd3 45. R4c3 Qe2 46. hxg5 Kg7 47. Re3 Rd1+ 48. Rxd1 Rxd1+ 49. Kg2 Qf1+ 50. Kf3 Qh1+ 51. Ke2 Qf1+ 52. Kf3 Rd2 53. Qa5 Rxf2+ 54. Kg4 Qd1+ 55. Kh3 Qh5# 0-1

[Event "NJSK 2022 Jeugd A"]
[Site "Almelo, Netherlands"]
[Date "2022.05.03"]
[Round "3.5"]
[White "Van Dam, Thijs"]
[Black "Verheul, Job"]
[Result "0-1"]
[TimeControl "90min/40moves + 30min + 30sec/move"]
[WhiteElo "1903"]
[BlackElo "1707"]

1. e4 c6 2. Nc3 d5 3. Qe2 dxe4 4. Nxe4 e6 5. Nf3 Nd7 6. d3 Ngf6 7. Bd2 Be7 8. O-O-O O-O 9. Rg1 b5 10.
g4 Qc7 11. Nd4 Bb7 12. h4 a6 13. g5 Nxe4 14. dxe4 c5 15. Nf3 c4 16. h5 Nc5 17. e5 Nd3+ 18. Kb1 Nxb2 19. Kxb2 c3+ 20.
Kb1 cxd2 21. Nxd2 Rac8 22. Nb3 a5 23. Nd4 Bd5 24. g6 fxg6 25. hxg6 h6 26. Bh3 Ba3 27. Rg3 Qe7 28. Ka1 Qb4 29.
Nb3 Rc3 30. Rg4 Bc4 31. Rxc4 bxc4 32. Bxe6+ Kh8 33. Rd4 Rxb3 34. cxb3 Qc3+ 35. Kb1 Qc1# 0-1

[Event "NJSK 2022 Jeugd A"]
[Site "Almelo, Netherlands"]
[Date "2022.05.03"]
[Round "3.6"]
[White "Hooijmans, Max"]
[Black "Van Kuijk, Vadim"]
[Result "0-1"]
[TimeControl "90min/40moves + 30min + 30sec/move"]
[WhiteElo "1420"]
[BlackElo "1898"]

1. e4 c6 2. d4 d5 3. e5 Bf5 4. Bd3 Bxd3 5. Qxd3 e6 6. Ne2 Nd7 7. Nd2 Qb6 8. O-O c5 9. c3 Ne7 10.
f4 h5 11. Nf3 Nf5 12. Ng3 g6 13. Nxf5 gxf5 14. Rb1 cxd4 15. cxd4 Nb8 16. b4 Nc6 17. a3 Rc8 18. Bd2 Bh6 19.
a4 O-O 20. a5 Qd8 21. Be3 a6 22. Rb3 Na7 23. Qe2 Qe8 24. Nh4 f6 25. Rf3 Kh7 26. Rg3 Nb5 27. Rg6 Rg8 28. Rxf6 Rg4 29.
h3 Rxh4 30. Qf2 Nxd4 31. Qxh4 Nxb3 32. g4 Bg7 33. gxf5 Bxf6 34. Qxf6 exf5 35. Kh1 Qg6 36. Qe7+ Kh6 37. Bf2 Rg8 0-1

[Event "NJSK 2022 Jeugd A"]
[Site "Almelo, Netherlands"]
[Date "2022.05.03"]
[Round "3.7"]
[White "Boeren, Jurriaan"]
[Black "Hubers, Daan"]
[Result "1-0"]
[TimeControl "90min/40moves + 30min + 30sec/move"]
[WhiteElo "1778"]
[BlackElo "1818"]

1. e4 Nf6 2. Nc3 e5 3. f4 d6 4. Nf3 Bg4 5. h3 Bxf3 6. Qxf3 a6 7. Bc4 Nc6 8. d3 Nd4 9. Qf2 h6 10.
Be3 c5 11. a4 b5 12. Ba2 Be7 13. O-O b4 14. Nd5 Nxd5 15. Bxd5 Bh4 16. g3 Bxg3 17. Qg2 exf4 18. Bxf4 Bxf4 19.
Rxf4 Ra7 20. c3 Qg5 21. Rg4 Qe3+ 22. Kh1 Ne6 23. Rg3 Qf4 24. Rf1 Qe5 25. Rf5 1-0

[Event "NJSK 2022 Jeugd A"]
[Site "Almelo, Netherlands"]
[Date "2022.05.04"]
[Round "4.1"]
[White "Roebers, Eline"]
[Black "Van Foreest, Machteld"]
[Result "1-0"]
[TimeControl "90min/40moves + 30min + 30sec/move"]
[WhiteElo "2369"]
[BlackElo "2287"]

1. e4 c5 2. Nf3 e6 3. d4 cxd4 4.
Nxd4 Nc6 5. Nc3 Nf6 6. Nxc6 bxc6 7. e5 Nd5 8. Ne4 Qc7 9. f4 Qb6 10. c4 Bb4+ 11. Ke2 f5 12. Nf2 Ne7 13. Nd3 d5 14. Be3 d4 15.
Bf2 Ng6 16. h4 h5 17. Qa4 Be7 18. Rc1 O-O 19. c5 Qc7 20. g3 Rb8 21. Bg2 Rb5 22. Rhd1 a5 23. Kf1 Rd8 24. Kg1 Ba6 25.
Bf3 Rbb8 26. Qxc6 Qxc6 27. Bxc6 Rbc8 28. Ba4 Bxd3 29. Rxd3 Bxc5 30. Kf1 Ne7 31. Ke2 Kf7 32. Bb3 Ba7 33.
Rcd1 Nc6 34. a3 Rb8 35. R1d2 Ne7 36. Ba4 Rb7 37. Rb3 Rxb3 38. Bxb3 Nc8 39. Kd3 Ke7 40. Rc2 Bb6 41. Rc6 Kd7 42. Rxe6 Kc7 43. Ba4 Ba7 44. Be1 Bb6 45. Rg6 1-0

[Event "NJSK 2022 Jeugd A"]
[Site "Almelo, Netherlands"]
[Date "2022.05.04"]
[Round "4.2"]
[White "Albers, Sasa"]
[Black "Pham, Khoi"]
[Result "1-0"]
[TimeControl "90min/40moves + 30min + 30sec/move"]
[WhiteElo "2117"]
[BlackElo "2291"]

1. e4 c5 2. Nf3 Nc6 3. Bb5 g6 4.
O-O Bg7 5. c3 e5 6. Bxc6 dxc6 7. d3 Qe7 8. a4 a5 9. Na3 Nf6 10. Nc4 Nd7 11. Bg5 f6 12. Be3 O-O 13. Qb3 Rf7 14.
Nfd2 Ra6 15. f4 Bh6 16. Rae1 b5 17. Na3 exf4 18. Bxf4 Bxf4 19. Rxf4 c4 20. dxc4 Nc5 21. Qc2 bxa4 22.
Rff1 Rb6 23. Nf3 Qb7 24. Rf2 Re7 25. Nd4 f5 26. e5 Ne4 27. c5 Ra6 28. Rfe2 Rxe5 29. Qxa4 Rxc5 30. Nc4 Bd7 31.
Qa2 Kh8 32. Nd2 Rd5 33. Nxe4 fxe4 34. Rxe4 c5 35. Nf3 Rf6 36. Qxa5 Rf8 37. c4 Rdf5 38. Qc3+ R8f6 39. Re7 Qc6 40.
Qd2 Rxf3 41. gxf3 Qxf3 42. Rxd7 Qg4+ 43. Kh1 1-0

[Event "NJSK 2022 Jeugd A"]
[Site "Almelo, Netherlands"]
[Date "2022.05.04"]
[Round "4.3"]
[White "Van Kuijk, Vadim"]
[Black "Verheul, Job"]
[Result "1-0"]
[TimeControl "90min/40moves + 30min + 30sec/move"]
[WhiteElo "1898"]
[BlackElo "1707"]

1. e4 c6 2. d4 d5 3. exd5 cxd5 4. Bd3 Nc6 5. c3 Nf6 6. Bf4 Bg4 7. Qb3 Qd7 8. Nd2 e6 9. Ngf3 Bd6 10.
Bxd6 Qxd6 11. O-O O-O 12. Rfe1 Ne7 13. Ne5 Bf5 14. Bxf5 Nxf5 15. Qxb7 Rab8 16. Qxa7 Rxb2 17. Nb3 h5 18. h3 Ne4 19. Rxe4 dxe4 20.
Nc4 Qf4 21. Nxb2 e3 22. Nd3 exf2+ 23. Nxf2 Qg3 24. Rc1 Nh4 25. Qb7 Rb8 26. Qe4 f5 27. Nh1 Qg5 28. Qxe6+ Kh7 29. Rc2 Rb7 30.
Re2 Ng6 31. Qe3 f4 32. Qd3 Rf7 33. Re5 Qh4 34. Nd2 1-0

[Event "NJSK 2022 Jeugd A"]
[Site "Almelo, Netherlands"]
[Date "2022.05.04"]
[Round "4.4"]
[White "Klaren, Duncan"]
[Black "Elgersma, Onno"]
[Result "0-1"]
[TimeControl "90min/40moves + 30min + 30sec/move"]
[WhiteElo "1916"]
[BlackElo "2303"]

1. d4 Nf6 2. Nf3 d5 3. g3 c5 4. Bg2 cxd4 5. O-O h6 6. b3 h5 7. h4 Bg4 8. Bb2 Nc6 9. Nxd4 Qd7 10.
Nxc6 bxc6 11. Nd2 Rd8 12. Nf3 Bh3 13. Qd3 Bxg2 14. Kxg2 g6 15. Qa6 Bg7 16. Ne5 Qe6 17. Qxc6+ Qxc6 18.
Nxc6 Rc8 19. Nxa7 Rxc2 20. Bd4 Rxe2 21. a4 Kd7 22. a5 e5 23. Bb6 d4 24. Nb5 Nd5 25. Rfc1 Rb8 26. Rc5 Nxb6 27.
Rc7+ Ke6 28. Rc6+ Kd5 29. Rac1 Nd7 30. Nc7+ Ke4 31. a6 Ra2 32. Rb1 Bf8 33. Rc4 Bd6 34. b4 Nb6 0-1

[Event "NJSK 2022 Jeugd A"]
[Site "Almelo, Netherlands"]
[Date "2022.05.04"]
[Round "4.5"]
[White "Van Dam, Thijs"]
[Black "Maters, Arthur"]
[Result "1/2-1/2"]
[TimeControl "90min/40moves + 30min + 30sec/move"]
[WhiteElo "1903"]
[BlackElo "2048"]

1. d4 d5 2. c4 e6 3. Nc3 Nf6 4. cxd5 exd5 5. Bg5 c6 6. e3 Bd6 7. Bd3 h6 8. Bh4 O-O 9. Qc2 Re8 10.
Nge2 a5 11. h3 Na6 12. a3 Nc7 13. Bg3 Ne6 14. O-O Ng5 15. Bxd6 Qxd6 16. Ng3 Rxe3 17. fxe3 Qxg3 18. Bf5 Bxf5 19.
Qxf5 Qxe3+ 20. Qf2 Qxf2+ 21. Rxf2 Nge4 22. Nxe4 Nxe4 23. Rf3 h5 24. Rb3 Nd2 25. Rxb7 Rc8 26. Re1 Ne4 27. Ra7 Rb8 28.
Re2 Rb5 29. Rc2 h4 30. Ra6 c5 31. dxc5 Nxc5 32. Ra8+ Kh7 33. Rd8 Ne6 34. a4 Rb4 35. Rxd5 Rxa4 36. b3 Ra1+ 37. Kf2 a4 38.
Ra5 axb3 39. Rxa1 bxc2 40. Rc1 g5 41. Rxc2 Kg6 42. Ra2 Nf4 43. Kf3 Kf5 44. Ra5+ Kg6 45. Rb5 f6 46. Rb8 Kf5 47.
Rb5+ Kg6 48. Ra5 Nh5 49. Ra4 Ng7 50. Ke4 Nh5 51. Kf3 Ng7 52. Ke4 1/2-1/2